 Dungeon Crawl Stone Soup version 0.29-a0-1009-g60c99734e7 (webtiles) character file.

Game seed: 3977759823958552022

166862 zishaf the Warrior (level 18, -6/143 HPs)
             Began as a Djinni Venom Mage on Aug 8, 2022.
             Was the Champion of Dithmenos.
             Mangled by a spark wasp (15 damage)
             ... on level 1 of the Depths.
             The game lasted 01:09:23 (37055 turns).

zishaf the Warrior (Djinni Venom Mage)             Turns: 37055, Time: 01:09:24

Health: -6/143     AC: 14    Str: 11    XL:     18   Next: 54%
Gold:   840        EV: 13    Int: 35    God:    Dithmenos [******] SH: 14 Dex: 30

rFire   + + +      SeeInvis .   a - +9 long sword of the Toadstool {pain, Str+4 Dex+7}
rCold   + . .      Faith    .   O - +2 buckler
rNeg    . . .      Spirit   .   e - +4 ring mail {rF+}
rPois   ∞          Reflect  +   (helmet restricted)
rElec   .          Harm     .   r - +1 cloak
rCorr   .          Rampage  .   D - +1 pair of gloves {infuse}
Will    +....                   (boots unavailable)
Stlth   ++++......              d - amulet "Riemmuby" {Reflect Int+6 SH+5}
HPRegen 0.33/turn               o - ring of Yfiuf {Int+6 Dex+7}
MPRegen 0.00/turn               R - ring "Cizov" {rC++ MP+9}

@: flying, wreathed by umbra
A: sickness immunity, fire resistance 2, cold vulnerability 1, float, innate
caster, HP casting, extra vitality 1, horns 1
a: Renounce Religion, Shadow Step, Shadow Form


You were on level 1 of the Depths.
You worshipped Dithmenos.
Dithmenos was exalted by your worship.
You visited 5 branches of the dungeon, and saw 24 of its levels.
You also visited: Sewer, Ossuary and Bailey.

You collected 3557 gold pieces.
You spent 2717 gold pieces at shops.

Inventory:

Hand Weapons
 a - the +9 long sword of the Toadstool (weapon) {pain, Str+4 Dex+7}
   (You took it off a kobold on level 9 of the Dungeon)

   In the hands of one skilled in necromantic magic, it inflicts extra damage on
   living creatures.
   Your inability to study Necromancy prevents you from drawing on the full
   power of this weapon.
   Str:       It affects your strength (+4).
   Dex:       It affects your dexterity (+7).
 l - a +5 broad axe
Missiles
 s - a throwing net
Armour
 e - a +4 ring mail of fire resistance (worn)
 f - a +2 leather armour of cold resistance
 r - a +1 cloak (worn)
 D - a +1 pair of gloves of infusion (worn)
 O - a +2 buckler (worn)
Magical Staves
 C - a staff of cold
 N - a staff of earth
Jewellery
 d - the amulet "Riemmuby" (around neck) {Reflect Int+6 SH+5}
   (You acquired it on level 4 of the Dungeon)

   [amulet of reflection]

   It reflects blocked missile attacks.
   Int:       It affects your intelligence (+6).
   SH:        It affects your SH (+5).
 o - the ring of Yfiuf (left hand) {Int+6 Dex+7}
   (You found it on level 10 of the Dungeon)

   [ring of intelligence]

   Int:       It affects your intelligence (+6).
   Dex:       It affects your dexterity (+7).
 y - a ring of see invisible
 M - a ring of ice
 R - the ring "Cizov" (right hand) {rC++ MP+9}
   (You bought it in a shop on level 2 of the Orcish Mines)

   [ring of magical power]

   rC:        It greatly protects you from cold.
   MP:        It affects your magic capacity (+9).
Wands
 z - a wand of acid (12)
 E - a wand of iceblast (13)
 F - a wand of mindburst (14)
 G - a wand of flame (11)
 J - a wand of charming (5)
Scrolls
 c - 12 scrolls of teleportation
 g - 8 scrolls of enchant weapon
 k - 7 scrolls of fear
 m - 5 scrolls of enchant armour
 p - a scroll of poison
 q - 4 scrolls of magic mapping
 t - 2 scrolls of butterflies
 K - 2 scrolls of blinking
 P - a scroll of silence
Potions
 b - 3 potions of might
 i - 2 potions of haste {unknown}
 j - 8 potions of heal wounds
 u - 2 potions of berserk rage
 v - 7 potions of brilliance
 w - 2 potions of invisibility
 x - 15 potions of curing
 B - 4 potions of attraction
 I - 4 potions of lignification
 L - a potion of ambrosia {unknown}
Miscellaneous
 h - a condenser vane
 n - a phial of floods


   Skills:
 + Level 17.6 Fighting
 - Level 6.0 Armour
 - Level 4.0 Dodging
 - Level 1.5 Stealth
 - Level 5.0 Shields
 + Level 16.8 Spellcasting
 - Level 12.0 Invocations
 + Level 6.5 Evocations


You had 8 spell levels left.
You knew the following spells:

 Your Spells              Type           Power      Damage    Failure   Level
a - Sting                 Tmut/Pois      100%       1d8       0%          1
b - Poisonous Vapours     Pois/Air       100%       N/A       0%          2
c - Stone Arrow           Conj/Erth      100%       3d13      0%          3
d - Vampiric Draining     Necr           99%        2d13      0%          3
e - Sandblast             Erth           100%       2d20      0%          1
f - Silence               Hex/Air        49%        N/A       1%          5
g - Orb of Destruction    Conj           49%        9d13      2%          7
z - Mephitic Cloud        Conj/Pois/Air  99%        N/A       0%          3
A - Olgreb's Toxic Radia  Pois           99%        N/A       1%          4
B - Call Imp              Summ           99%        N/A       0%          2
C - Summon Forest         Summ/Tloc      49%        N/A       1%          5
D - Summon Cactus Giant   Summ           49%        N/A       1%          6
Your spell library was empty.

Dungeon Overview and Level Annotations

Branches:
Dungeon (15/15)            Temple (1/1) D:4            Lair (5/5) D:11
 Shoals (0/4) Lair:3       Spider (0/4) Lair:3        Slime (0/5) Lair:5
    Orc (2/2) D:11            Elf (0/3) Orc:2        Vaults (0/5) D:13
 Depths (1/4) D:15          Sewer (visited)         Ossuary (visited)
 Bailey (visited)

Altars:
Ashenzari
Cheibriados
Dithmenos
Elyvilon
Fedhas
Gozag
Hepliaklqana
Makhleb
Nemelex Xobeh
Okawaru
Qazlal
Ru
Trog
Uskayaw
Wu Jian
Xom
Yredelemnul
Zin
The Shining One
Jiyva
Lugonu

Shops:
D:5 ?   D:9 ![*   D:11 *   Orc:1 *(***   Orc:2 =([!

Portals:
Abyss: Lair:5


Innate Abilities, Weirdness & Mutations

You are immune to sickness and miasma.
You are immune to poison.
Your flesh is very heat resistant. (rF++)
You are vulnerable to cold. (rC-)
You float through the air rather than walking.
You learn spells naturally, not from books.
Your magical power is your life essence.
You have superior vitality. (+4 MHP)
You have a pair of small horns on your head.


Message History

Aim: a spark wasp (ally target, umbra)
The wavering orb of destruction weakly hits the spark wasp!
The spark wasp is moderately wounded.
You block the spark wasp's attack. The spark wasp stings you.
The spark wasp shocks you!
Casting: Orb of Destruction (dangerous; 2% risk of failure)
Confirm with . or Enter, or press ? or * to list all spells.
Okay, then.
Casting: Orb of Destruction (dangerous; 2% risk of failure)
Confirm with . or Enter, or press ? or * to list all spells.
Aiming: Stone Arrow (safe; 0% risk of failure)
Press: ? - help, Shift-Dir - straight line, f/p - spark wasp
Aim: a spark wasp (moderately wounded, ally target, umbra, 66% to hit)
The stone arrow hits the spark wasp!!
The spark wasp is heavily wounded.
Your shadow mimicks your spell!
The shadow shard hits the spark wasp.
* * * LOW HITPOINT WARNING * * *
You block the spark wasp's attack.
Casting: Stone Arrow (safe; 0% risk of failure)
Confirm with . or Enter, or press ? or * to list all spells.
Aiming: Stone Arrow (safe; 0% risk of failure)
Press: ? - help, Shift-Dir - straight line, f/p - spark wasp
Aim: a spark wasp (heavily wounded, ally target, umbra, 66% to hit)
The stone arrow misses the spark wasp.
* * * LOW HITPOINT WARNING * * *
You block the spark wasp's attack.
A fire dragon comes into view.
The spark wasp stings you!
* * * LOW HITPOINT WARNING * * *
The spark wasp shocks you!
* * * LOW HITPOINT WARNING * * *
You feel much better. The spark wasp stings you!
* * * LOW HITPOINT WARNING * * *
The spark wasp shocks you!
* * * LOW HITPOINT WARNING * * *
You feel much better. The spark wasp stings you!!
* * * LOW HITPOINT WARNING * * *
The spark wasp shocks you!
You die...

..§≈≈.....≈≈§§§...
.§≈≈.......§§§....
...........§°....
#....).........#
#..[.[)......#
#...........○#
#....[[...?.○#
#.(.[y)[..○°.#
+..)[@..*○...+
#...)..[.....#
#.<...[[[....#
###+####+##+##


You could see a spark wasp (ally target).

Vanquished Creatures
  Saint Roka (Depths:1)
  Roxanne (D:15)
  A fire giant (Depths:1)
  An orc warlord (Bailey)
  A stone giant (D:15)
  Nessos (D:14)
  2 spark wasps (Depths:1)
  10 hydras
  2 vault guards (D:13)
  5 boulder beetles
  4 ogre magi (Orc:2)
  Erolcha (D:9)
  A catoblepas (D:14)
  4 centaur warriors
  16 two-headed ogres
  A deep troll earth mage (D:14)
  3 tengu warriors
  3 death yaks (Lair:5)
  3 hell knights (Depths:1)
  A soul eater (D:15)
  Amaemon (D:8)
  Nergalle (Orc:1)
  A skeletal warrior (D:14)
  A salamander mystic (Depths:1)
  A necromancer (Lair:4)
  Pikel (D:8)
  A deep elf pyromancer (D:14)
  An orc sorcerer (Orc:2)
  An oklob plant (Lair:3)
  5 manticores
  5 cyclopes
  5 ugly things
  2 salamanders (Depths:1)
  4 black mambas
  6 elephants
  An orange demon (D:8)
  8 cane toads
  4 smoke demons
  3 kobold demonologists
  2 freezing wraiths
  Maggie (D:8)
  A rime drake (Lair:5)
  7 komodo dragons
  A tengu conjurer (D:14)
  An efreet (D:13)
  A meliai (shapeshifter) (D:13)
  4 polar bears (Lair:5)
  Prince Ribbit (D:5)
  10 trolls
  Grinder (D:5)
  A hornet (D:9)
  17 blink frogs
  A tarantella (Lair:3)
  17 dream sheep
  A dream sheep (shapeshifter) (Lair:5)
  Sigmund (D:2)
  A centaur simulacrum (D:15)
  58 yaks
  5 wyverns
  2 water elementals
  A wraith (D:13)
  A basilisk (Lair:5)
  3 steam dragons (D:10)
  2 chaos spawn (Lair:5)
  7 vampire mosquitoes
  8 water moccasins
  3 wargs
  2 acid dragons (D:9)
  A black bear (D:6)
  2 ice beasts
  19 orc warriors
  16 wolves
  2 elephant zombies (Lair:4)
  2 small abominations (Lair:5)
  10 centaurs
  26 ogres
  A phantom (D:5)
  4 kobold brigands
  A komodo dragon zombie (Lair:4)
  9 bullfrogs
  3 necrophages
  A gnoll sergeant (D:6)
  12 scorpions
  11 wights
  8 howler monkeys
  5 electric eels
  A centaur zombie (Ossuary)
  11 orc priests
  8 hounds
  A gnoll bouda (D:6)
  2 human zombies (Ossuary)
  Crazy Yiuf (D:3)
  A basilisk zombie (Lair:4)
  Jessica (D:3)
  6 scorpion zombies (Ossuary)
  6 iguanas
  25 orc wizards
  3 mummies (Ossuary)
  12 gnolls
  11 adders
  2 river rats (Sewer)
  3 shadow imps
  An ufetubus (D:5)
  A worm (D:4)
  3 dart slugs
  75 orcs
  6 endoplasms
  6 giant cockroaches
  2 gnoll zombies (Ossuary)
  23 goblins
  7 hobgoblins
  8 jackals
  10 quokkas
  13 ball pythons
  3 bats
  7 frilled lizards
  3 hobgoblin zombies (Ossuary)
  36 kobolds
  3 kobold zombies (Ossuary)
  2 orc zombies (Ossuary)
  17 rats
728 creatures vanquished.

Vanquished Creatures (collateral kills)
  Jorgrun (Orc:2)
  A stone giant (Depths:1)
  6 vault guards (D:13)
  2 boulder beetles
  3 centaur warriors
  6 death yaks (Lair:5)
  2 two-headed ogres (D:14)
  3 thrashing horrors (Lair:5)
  A death knight (D:14)
  2 soul eaters (Depths:1)
  3 hell knights (Depths:1)
  A sun demon (Depths:1)
  2 skeletal warriors (D:14)
  A flayed ghost (D:14)
  An orc knight (D:15)
  A necromancer (Depths:1)
  An orc sorcerer (Depths:1)
  4 ugly things
  3 elephants
  A black mamba (Lair:4)
  4 smoke demons
  A cane toad (Lair:2)
  A komodo dragon (Lair:5)
  A rime drake (Lair:5)
  A troll (D:12)
  A hornet (D:14)
  A polar bear (Lair:3)
  2 ancient zymes (Lair:5)
  3 blink frogs
  12 yaks
  2 ynoxinuls (Lair:5)
  2 wraiths
  A spriggan (Lair:3)
  A basilisk (shapeshifter) (D:13)
  4 basilisks
  2 vampire mosquitoes (D:14)
  A warg (D:15)
  5 orc warriors
  A black bear (Lair:3)
  2 wolves (Lair:3)
  4 centaurs
  9 small abominations (Lair:5)
  An adder (D:2)
  2 orcs
  2 hobgoblins
  A quokka (D:2)
  2 bushes
114 creatures vanquished.

Vanquished Creatures (others)
  32 fungi
  29 plants
  10 snaplasher vines
71 creatures vanquished.

Grand Total: 913 creatures vanquished

Notes
Turn   | Place    | Note
-------+----------+-------------------------------------------
     0 | D:1      | zishaf the Djinni Venom Mage began the quest for the Orb.
     0 | D:1      | zishaf set off with the following spells memorised: Sting,
                  | Poisonous Vapours, Mephitic Cloud, Olgreb's Toxic Radiance.
     0 | D:1      | Reached XP level 1. HP: 15/15 MP: 0/0
   611 | D:1      | Reached XP level 2. HP: 21/22 MP: 0/0
   935 | D:1      | Reached skill level 1 in Fighting
  1061 | D:1      | Reached XP level 3. HP: 18/27 MP: 0/0
  1061 | D:1      | Learned a level 1 spell: Sandblast
  1203 | D:1      | Found a faded altar of an unknown god.
  1734 | D:2      | Reached XP level 4. HP: 6/33 MP: 0/0
  2230 | D:2      | Reached skill level 2 in Fighting
  2702 | D:2      | Noticed Sigmund
  2721 | D:2      | Killed Sigmund
  2722 | D:2      | Reached skill level 3 in Fighting
  2722 | D:2      | Reached XP level 5. HP: 22/40 MP: 0/0
  2722 | D:2      | Learned a level 2 spell: Call Imp
  2722 | D:2      | Reached XP level 6. HP: 25/46 MP: 0/0
  3077 | D:3      | Found a broken altar of Ashenzari.
  3079 | D:3      | Found a hazy altar of Hepliaklqana.
  3079 | D:3      | Found a glowing golden altar of the Shining One.
  3079 | D:3      | Found a sacrificial altar of Ru.
  3079 | D:3      | Found an ornate altar of the Wu Jian Council.
  3247 | D:3      | Noticed Jessica
  3249 | D:3      | Killed Jessica
  3780 | D:3      | Found an iron altar of Okawaru.
  3898 | D:3      | Found a runed translucent door.
  3899 | D:3      | Noticed Crazy Yiuf
  4206 | D:3      | Killed Crazy Yiuf
  4207 | D:3      | Reached XP level 7. HP: 40/50 MP: 0/0
  4207 | D:3      | Learned a level 3 spell: Vampiric Draining
  4318 | D:4      | Reached skill level 5 in Spellcasting
  4605 | D:4      | Identified a scroll of acquirement
  4605 | D:4      | Acquired the amulet "Riemmuby" {Reflect Int+6 SH+5}
  4724 | D:4      | Reached skill level 4 in Fighting
  4749 | D:4      | Found a staircase to the Ecumenical Temple.
  4758 | Temple   | Entered the Ecumenical Temple
  4908 | Temple   | Became a worshipper of Dithmenos the Shadowed
  5468 | D:4      | Found a stormy altar of Qazlal.
  5579 | D:5      | Entered Level 5 of the Dungeon
  5591 | D:5      | Noticed Grinder
  5785 | D:4      | Reached XP level 8. HP: 21/58 MP: 0/0
  6035 | D:5      | Paralysed by Grinder for 5 turns
  6040 | D:5      | Killed Grinder
  6041 | D:5      | Reached skill level 5 in Fighting
  6164 | D:5      | Found a basalt altar of Yredelemnul.
  6245 | D:5      | Reached * piety under Dithmenos
  6328 | D:5      | Found a blossoming altar of Fedhas.
  6926 | D:5      | Noticed Prince Ribbit
  6936 | D:5      | Killed Prince Ribbit
  6937 | D:5      | Reached XP level 9. HP: 52/66 MP: 0/0
  6937 | D:5      | Learned a level 3 spell: Stone Arrow
  7112 | D:5      | Found a white marble altar of Elyvilon.
  7298 | D:5      | Found Lieleo's Magic Scroll Emporium.
  7332 | D:5      | Reached skill level 6 in Fighting
  7775 | D:6      | Found a glowing drain.
  7789 | Sewer    | Entered a sewer
  8064 | D:6      | Found a sand-covered staircase.
  8069 | Ossuary  | Entered an ossuary
  8190 | Ossuary  | Reached ** piety under Dithmenos
  8797 | Ossuary  | Reached skill level 7 in Fighting
  9444 | D:6      | Reached XP level 10. HP: 72/75 MP: 0/0
  9592 | D:6      | You are sucked into a shaft and drop 1 floor!
  9599 | D:7      | Reached *** piety under Dithmenos
 10363 | D:6      | Reached skill level 1 in Shields
 10385 | D:6      | Reached skill level 1 in Armour
 11023 | D:7      | Found a bloodstained altar of Trog.
 11559 | D:8      | Found a flagged portal.
 11568 | Bailey   | Entered a bailey
 11573 | Bailey   | Noticed an orc warlord
 11804 | Bailey   | Reached **** piety under Dithmenos
 11821 | Bailey   | Found a runed translucent gate.
 11822 | Bailey   | Found a runed translucent gate.
 11823 | Bailey   | Found a runed translucent gate.
 11849 | Bailey   | Reached skill level 8 in Fighting
 12146 | Bailey   | Killed an orc warlord
 12198 | Bailey   | Acquired a manual of Spellcasting
 12368 | D:8      | Noticed Pikel
 12379 | D:8      | Killed Pikel
 12497 | D:8      | Reached XP level 11. HP: 37/82 MP: 0/0
 12497 | D:8      | Learned a level 5 spell: Silence
 12642 | D:8      | Noticed Amaemon
 12684 | D:8      | Killed Amaemon
 12685 | D:8      | Reached skill level 10 in Spellcasting
 12991 | D:8      | Identified the +7 war axe "Daus" {flame, rPois Str-2 Dex+4}
 13079 | D:8      | Reached skill level 9 in Fighting
 13300 | D:8      | Noticed Maggie
 13309 | D:8      | Killed Maggie
 13563 | D:9      | Found Yraalix's Antique Armour Emporium.
 13575 | D:9      | Noticed Erolcha
 13589 | D:9      | Killed Erolcha
 13596 | D:9      | Bought a pair of runed gloves for 202 gold pieces
 13609 | D:9      | Reached skill level 5 in Shields
 13618 | D:9      | Reached skill level 5 in Armour
 13709 | D:9      | Found a basalt altar of Yredelemnul.
 13749 | D:9      | Reached ***** piety under Dithmenos
 14126 | D:9      | Found Nawnento's Distillery.
 14129 | D:9      | Bought 2 potions of heal wounds for 130 gold pieces
 14167 | D:9      | Identified the +9 long sword of the Toadstool {pain, Str+4
                  | Dex+7}
 14202 | D:9      | Found Sess's Assorted Antiques.
 14434 | D:9      | Found a shimmering altar of Xom.
 14498 | D:10     | Entered Level 10 of the Dungeon
 14513 | D:10     | Acquired 1105 gold pieces
 14564 | D:10     | Reached XP level 12. HP: 69/90 MP: 0/0
 14661 | D:10     | Identified the ring of Yfiuf {Int+6 Dex+7}
 14702 | D:10     | Found Fygaddump's Weapon Emporium.
 14977 | D:10     | Found a burning altar of Makhleb.
 14982 | D:10     | Noticed a two-headed ogre
 14986 | D:10     | Killed a two-headed ogre
 15555 | D:10     | Reached skill level 10 in Fighting
 15843 | D:11     | Found a staircase to the Lair.
 15998 | D:11     | Found a staircase to the Orcish Mines.
 16100 | D:11     | Noticed a two-headed ogre
 16111 | D:11     | Killed a two-headed ogre
 16367 | D:11     | Found Uddeudd's Neck Hole.
 16428 | D:11     | Reached skill level 1 in Invocations
 16428 | D:11     | Reached skill level 1 in Evocations
 17234 | Lair:1   | Entered Level 1 of the Lair of Beasts
 17255 | Lair:1   | Noticed a five-headed hydra
 17260 | Lair:1   | Killed a five-headed hydra
 17937 | Lair:1   | Reached XP level 13. HP: 91/97 MP: 0/0
 17937 | Lair:1   | Learned a level 5 spell: Summon Forest
 18067 | Lair:2   | Noticed an eight-headed hydra
 18075 | Lair:2   | Killed an eight-headed hydra
 18205 | Lair:2   | Noticed a five-headed hydra
 18209 | Lair:2   | Killed a five-headed hydra
 18324 | Lair:2   | Reached skill level 11 in Fighting
 19176 | Lair:2   | Gained mutation: Your body sometimes deteriorates upon
                  | taking damage. [potion of mutation]
 19177 | Lair:2   | Lost mutation: Your body sometimes deteriorates upon taking
                  | damage. [potion of mutation]
 19177 | Lair:2   | Gained mutation: You have hidden genetic defects. [potion
                  | of mutation]
 19177 | Lair:2   | Gained mutation: You occasionally lose the ability to drink
                  | potions when taking damage. [potion of mutation]
 19177 | Lair:2   | Gained mutation: You are agile. (Dex +4, Str/Int -1)
                  | [potion of mutation]
 19177 | Lair:2   | Gained mutation: You expend health (3 HP) to strengthen
                  | your wands. [potion of mutation]
 19178 | Lair:2   | Lost mutation: You occasionally lose the ability to drink
                  | potions when taking damage. [potion of mutation]
 19178 | Lair:2   | Lost mutation: You are agile. (Dex +4, Str/Int -1) [potion
                  | of mutation]
 19178 | Lair:2   | Gained mutation: Your muscles are strong. (Str +4, Int/Dex
                  | -1) [potion of mutation]
 19178 | Lair:2   | Gained mutation: Your body sometimes deteriorates upon
                  | taking damage. [potion of mutation]
 19178 | Lair:2   | Gained mutation: You have a somewhat thin skeletal
                  | structure. (Dex +2, Stealth+) [potion of mutation]
 19178 | Lair:2   | Gained mutation: You have a pair of small horns on your
                  | head. [potion of mutation]
 19179 | Lair:2   | Lost mutation: You have a somewhat thin skeletal structure.
                  | (Dex +2, Stealth+) [potion of mutation]
 19179 | Lair:2   | Lost mutation: You expend health (3 HP) to strengthen your
                  | wands. [potion of mutation]
 19179 | Lair:2   | Lost mutation: You have hidden genetic defects. [potion of
                  | mutation]
 19179 | Lair:2   | Lost mutation: You have a pair of small horns on your head.
                  | [potion of mutation]
 19179 | Lair:2   | Gained mutation: Your body often deteriorates upon taking
                  | damage. [potion of mutation]
 19179 | Lair:2   | Gained mutation: You are somewhat resistant to further
                  | mutation. [potion of mutation]
 19180 | Lair:2   | Lost mutation: You are somewhat resistant to further
                  | mutation. [potion of mutation]
 19180 | Lair:2   | Lost mutation: Your muscles are strong. (Str +4, Int/Dex
                  | -1) [potion of mutation]
 19180 | Lair:2   | Lost mutation: Your body often deteriorates upon taking
                  | damage. [potion of mutation]
 19180 | Lair:2   | Gained mutation: You occasionally lose the ability to read
                  | scrolls when taking damage. [potion of mutation]
 19180 | Lair:2   | Gained mutation: Your body often deteriorates upon taking
                  | damage. [potion of mutation]
 19181 | Lair:2   | Lost mutation: Your body often deteriorates upon taking
                  | damage. [potion of mutation]
 19181 | Lair:2   | Lost mutation: You occasionally lose the ability to read
                  | scrolls when taking damage. [potion of mutation]
 19181 | Lair:2   | Lost mutation: Your body sometimes deteriorates upon taking
                  | damage. [potion of mutation]
 19181 | Lair:2   | Gained mutation: You are clumsy. (Dex -2) [potion of
                  | mutation]
 19181 | Lair:2   | Gained mutation: You have very sharp teeth. [potion of
                  | mutation]
 19182 | Lair:2   | Lost mutation: You have very sharp teeth. [potion of
                  | mutation]
 19182 | Lair:2   | Lost mutation: You are clumsy. (Dex -2) [potion of
                  | mutation]
 19182 | Lair:2   | Gained mutation: You have a pair of small horns on your
                  | head. [potion of mutation]
 19182 | Lair:2   | Gained mutation: You are agile. (Dex +4, Str/Int -1)
                  | [potion of mutation]
 19182 | Lair:2   | Lost mutation: You are agile. (Dex +4, Str/Int -1) [potion
                  | of mutation]
 19813 | Lair:3   | Found a staircase to the Shoals.
 19818 | Lair:3   | Reached skill level 5 in Invocations
 19828 | Lair:3   | Reached skill level 5 in Evocations
 19906 | Lair:3   | Found a hole to the Spider Nest.
 20505 | Lair:4   | Reached ****** piety under Dithmenos
 20536 | Lair:4   | Noticed a five-headed hydra
 21254 | Lair:4   | Reached XP level 14. HP: 92/106 MP: 0/0
 21346 | Lair:4   | Reached skill level 12 in Fighting
 22300 | Lair:5   | Entered Level 5 of the Lair of Beasts
 22553 | Lair:5   | Identified the +4 hand axe "Qorumano" {freeze, rElec rF+
                  | Str+3 Int-2}
 22945 | Lair:5   | Reached skill level 13 in Fighting
 23064 | Lair:5   | Found a stormy altar of Qazlal.
 23996 | Lair:5   | Reached XP level 15. HP: 112/115 MP: 0/0
 23996 | Lair:5   | Learned a level 6 spell: Summon Cactus Giant
 24064 | Lair:5   | Found an opulent altar of Gozag.
 24467 | Lair:5   | Found a viscous altar of Jiyva.
 24467 | Lair:5   | Found a staircase to the Slime Pits.
 24636 | Lair:5   | Reached skill level 15 in Spellcasting
 25968 | Lair:5   | Reached skill level 14 in Fighting
 25976 | Lair:5   | Found a corrupted altar of Lugonu.
 25976 | Lair:5   | Found a one-way gate to the infinite horrors of the Abyss.
 26714 | D:12     | Reached skill level 10 in Invocations
 27590 | D:13     | Found a gate to the Vaults.
 29056 | D:14     | Reached XP level 16. HP: 91/124 MP: 0/0
 29832 | D:14     | Noticed Nessos
 29841 | D:14     | Killed Nessos
 29842 | D:14     | Reached skill level 15 in Fighting
 31142 | D:15     | Entered Level 15 of the Dungeon
 31273 | D:15     | Found a staircase to the Depths.
 33008 | D:15     | Identified Roxanne's Directory of Bedrock
 33008 | D:15     | Noticed Roxanne
 33025 | D:15     | Killed Roxanne
 33310 | Orc:1    | Entered Level 1 of the Orcish Mines
 33358 | Orc:1    | Found Ycuusan's Specific Store.
 33358 | Orc:1    | Found Xiyr's General Store.
 33495 | Orc:2    | Entered Level 2 of the Orcish Mines
 33503 | Orc:2    | Noticed Jorgrun
 33517 | Orc:2    | Killed Jorgrun
 33912 | Orc:1    | Noticed Nergalle
 33917 | Orc:1    | Killed Nergalle
 34225 | Orc:1    | Found Yshasm's Assorted Antiques.
 34226 | Orc:1    | Found Nizus's Antique Weapon Emporium.
 34257 | Orc:1    | Found Icufurri's General Store.
 34708 | Orc:2    | Found a staircase to the Elven Halls.
 34900 | Orc:2    | Reached skill level 16 in Fighting
 35039 | Orc:2    | Reached XP level 17. HP: 69/133 MP: 0/0
 35039 | Orc:2    | Learned a level 7 spell: Orb of Destruction
 35923 | Orc:2    | Found Gogov's Armour Emporium.
 35923 | Orc:2    | Found Ofeck's Jewellery Boutique.
 35923 | Orc:2    | Found Waewiem's Distillery.
 35923 | Orc:2    | Found Wisyukkiap's Weapon Emporium.
 35933 | Orc:2    | Bought the ring "Cizov" {rC++ MP+9} for 623 gold pieces
 35936 | Orc:2    | Bought a potion of experience for 750 gold pieces
 35936 | Orc:2    | Reached skill level 17 in Fighting
 35936 | Orc:2    | Reached XP level 18. HP: 143/143 MP: 0/0
 35942 | Orc:2    | Bought a +4 ring mail of fire resistance for 372 gold
                  | pieces
 36136 | Orc:1    | Bought a condenser vane for 640 gold pieces
 36310 | Depths:1 | Entered Level 1 of the Depths
 36313 | Depths:1 | Noticed Saint Roka
 36332 | Depths:1 | Killed Saint Roka
 37055 | Depths:1 | Mangled by a spark wasp

Illustrated notes

Levels and vault maps discovered:
D:1:      dpeg_arrival_water_temple_mockup, layout_basic,
          dreamdust_ecumenical_altar_hidden_monk_grotto
D:2:      layout_rooms, serial_bayou_pond_c, grunt_ministairs_6, uniq_sigmund
D:3:      layout_loops_ring, lemuel_tele_altar, grunt_temple_overflow_open,
          minmay_fractal_squares_diagonal_5, uniq_crazy_yiuf_cottage,
          uniq_jessica
D:4:      layout_basic, nicolae_qazlal_eye_of_the_storm, temple_hall,
          hangedman_decor_peaks_small
D:5:      layout_layer_cave, kennysheep_ying_yang,
          fedhas_bush_and_centaur_altar, serial_shops, nicolae_shop_crystal,
          kennysheep_opposing_triangles, uniq_grinder, uniq_prince_ribbit1
D:6:      layout_layer_cave, palyth_temple_overflow_mages, portal_sewer_entry_f,
          enter_ossuary_2
D:7:      layout_basic, trog_hazing_becter, minmay_misc_feat_tower
D:8:      layout_basic, enter_bailey_8, uniq_amaemon, uniq_pikel, uniq_maggie
D:9:      layout_rooms, serial_shops, nicolae_shop_overgrown_old_shop, shop,
          nicolae_shop_window_shopping, hangedman_feature_mirror, uniq_erolcha
D:10:     layout_loops_ring, bloody_makhleb, serial_shops,
          nicolae_shop_bloodbath_and_beyond
D:11:     layout_basic, erik_lair_island, hiddenorc1_lemuel,
          nicolae_shop_sticking_my_neck_out
D:12:     layout_roguey
D:13:     layout_cave_pools, erik_vaults_2, kennysheep_nondescript
D:14:     nzn_winding_woodlands_stair_cross
          [nzn_winding_woodlands_5x15_river_crossing,
          nzn_winding_woodlands_center_lodge,
          nzn_winding_woodlands_5x15_pathside_ponds,
          nzn_winding_woodlands_5x5_closed_star,
          nzn_winding_woodlands_5x5_checkerboard,
          nzn_winding_woodlands_5x15_sawtooth,
          nzn_winding_woodlands_center_diamonds,
          nzn_winding_woodlands_5x15_jagged], layout_loops_ring, uniq_nessos
D:15:     grunt_enter_depths_snipers, layout_grid_maze,
          minmay_tree_intersection, uniq_roxanne
Temple:   nicolae_temple_bog_church
Lair:1:   layout_long_grid, lemuel_fruit_tree
Lair:2:   layout_regular_city
Lair:3:   layout_misc_corridors, shoals_dummy_entry, spider_nest_entry_rubble,
          grunt_forest_stairs_clearing, serial_bayou_shore_a
Lair:4:   pond_and_an_island_with_a_cottage, layout_gridlike,
          minmay_stone_trees_small
Lair:5:   hellmonk_lair_end_abyssal_woods, layout_hall_layers,
          dpeg_slime_entry_enclosed, basic_altar, lemuel_centaur_altar,
          grunt_megastairs_5
Orc:1:    layout_caves, serial_shops, shop_fountains,
          nicolae_shop_advertising_works [nicolae_subvault_shop_adworks], shop,
          nicolae_specific_store, uniq_nergalle
Orc:2:    st_orc_ogre_mass, layout_diamond_mine, uniq_jorgrun
Depths:1: layout_gridlike, hellmouth_3, chequers_serial_rivers_micro_a,
          pan_entry, yredelemnul_altar_generic, uniq_saint_roka

Skill      XL: |  1  2  3  4  5  6  7  8  9 10 11 12 13 14 15 16 17 18 |
---------------+-------------------------------------------------------+-----
Fighting       | 1 3 4 5 7 8 9 10 11 13 14 16 17 | 17.6
Spellcasting   | 3 4 5 7 8 9 11 13 14 15 16 | 16.8
Shields        | 3 5 |  5.0
Armour         | 3 5 6 |  6.0
Dodging        | 4 |  4.0
Invocations    | 2 6 8 10 12 | 12.0
Evocations     | 2 5 6 |  6.5
Stealth        | |  1.5

Action                   |  1- 3 |  4- 6 |  7- 9 | 10-12 | 13-15 | 16-18 || total
-------------------------+-------+-------+-------+-------+-------+-------++-------
Melee: Unarmed           |     2 |       |       |       |       |       ||     2
       Dagger            |       |     8 |   121 |    37 |       |       ||   166
       Punch             |       |       |     2 |       |       |       ||     2
       Long sword        |       |       |       |    17 |    89 |     2 ||   108
       Headbutt          |       |       |       |       |    19 |     1 ||    20
 Cast: Sting             |    44 |    91 |    52 |     6 |       |       ||   193
       Sandblast         |     8 |       |     8 |       |       |       ||    16
       Mephitic Cloud    |     1 |     2 |     5 |    17 |     2 |     7 ||    34
       Poisonous Vapours |       |     9 |    22 |    17 |     1 |       ||    49
       Call Imp          |       |     2 |     5 |       |     1 |       ||     8
       Olgreb's Toxic Ra |       |     1 |    10 |    28 |    37 |    24 ||   100
       Stone Arrow       |       |       |    62 |   208 |   232 |   237 ||   739
       Summon Forest     |       |       |       |       |    15 |     5 ||    20
       Summon Cactus Gia |       |       |       |       |    21 |    11 ||    32
       Silence           |       |       |       |       |     1 |       ||     1
       Orb of Destructio |       |       |       |       |       |     9 ||     9
Evoke: Wand              |       |       |       |     1 |       |     2 ||     3
       Condenser vane    |       |       |       |       |       |     1 ||     1
  Use: Scroll            |       |       |    14 |    11 |     5 |     1 ||    31
       Potion            |       |       |       |     2 |     7 |     3 ||    12
 Stab: Confused          |       |     1 |     1 |     3 |     4 |       ||     9
       Sleeping          |       |       |     3 |     1 |     4 |       ||     8
       Distracted        |       |       |     1 |       |     1 |       ||     2
Armor: Robe              |     6 |     8 |     6 |       |       |       ||    20
       Leather armour    |       |       |    44 |    18 |    49 |    17 ||   128
       Ring mail         |       |       |       |       |       |     2 ||     2
Dodge: Dodged            |    16 |    30 |    86 |    65 |   172 |    40 ||   409
Block: Other             |       |       |    36 |       |       |       ||    36
       Reflection        |       |       |     2 |     5 |     6 |    14 ||    27
       Buckler           |       |       |       |    64 |   184 |    60 ||   308

Table legend: (Time is in decaauts)
 A = Elapsed time spent in this place.
 B = Non-inter-level travel time spent in this place.
 C = Inter-level travel time spent in this place.
 D = Time resting spent in this place.
 E = Time spent auto-exploring this place.
 F = Levels seen in this place.
 G = Mean time per level.
                   A        B        C        D        E       F      G
               +--------+--------+--------+--------+--------+-----+--------+
         Total |  37074 |  35883 |   1191 |   7065 |  23690 |  27 | 1373.1 |
       Dungeon |  23080 |  22335 |    745 |   4206 |  15451 |  15 | 1538.7 |
        Temple |    161 |    135 |     26 |      0 |    128 |   1 |  161.0 |
          Lair |   9132 |   8861 |    271 |   1745 |   5871 |   5 | 1826.4 |
  Orcish Mines |   2886 |   2740 |    146 |    767 |   1576 |   2 | 1443.0 |
        Depths |    117 |    116 |      1 |      0 |     25 |   1 |  117.0 |
         Sewer |    205 |    205 |      0 |      0 |      0 |   1 |  205.0 |
       Ossuary |    858 |    858 |      0 |    202 |    454 |   1 |  858.0 |
        Bailey |    631 |    631 |      0 |    145 |    185 |   1 |  631.0 |
               +--------+--------+--------+--------+--------+-----+--------+

Top non-repeatable levels by time:
  Lair:5: 3844 daAuts
    D:14: 2797 daAuts
    D:15: 2389 daAuts
  Lair:3: 1783 daAuts
     D:5: 1767 daAuts
     D:6: 1693 daAuts
   Orc:2: 1632 daAuts
    D:13: 1629 daAuts
     D:1: 1572 daAuts
    D:11: 1506 daAuts
     D:4: 1505 daAuts
  Lair:4: 1494 daAuts
     D:2: 1482 daAuts
     D:8: 1439 daAuts
    D:10: 1307 daAuts
